 Dungeon Crawl Stone Soup version 0.21.1-1-g345015fe64 (webtiles) character file.

368 Jannitor the Ducker (level 6, -7/48 HPs)
             Began as a Spriggan Berserker on May 27, 2018.
             Was a Priest of Trog.
             Killed from afar by Ijyb (16 damage)
             ... with a wand of acid (6)
             ... on level 5 of the Dungeon.
             The game lasted 00:06:04 (4332 turns).

Jannitor the Ducker (Spriggan Berserker)            Turns: 4332, Time: 00:06:08

Health: -7/48      AC:  2    Str: 20    XL:     6   Next: 41%
Magic:  7/7        EV: 21    Int:  9    God:    Trog [***...]
Gold:   122        SH:  7    Dex: 15    Spells: 5/5 levels left

rFire    . . .     SeeInvis +   a - +0 short sword
rCold    . . .     Gourm    .   g - +1 buckler
rNeg     . . .     Faith    .   b - +0 animal skin
rPois    .         Spirit   .   (helmet restricted)
rElec    .         Reflect  .   (no cloak)
rCorr    .         Harm     .   (gloves unavailable)
MR       +++..                  (boots unavailable)
Stlth    ..........             (no amulet)
HPRegen  1.16/turn              j - ring of stealth
MPRegen  0.10/turn              (no ring)

@: berserking, regenerating, very quick
A: very small, unfitting armour, see invisible, herbivore, speed 3, slow
metabolism 2
a: Berserk, Trog's Hand, Burn Spellbooks, Renounce Religion


You were on level 5 of the Dungeon.
You worshipped Trog.
Trog was most pleased with you.
You were very hungry.

You visited 1 branch of the dungeon, and saw 5 of its levels.

You collected 122 gold pieces.

Inventory:

Hand Weapons
 a - a +0 short sword (weapon)
Armour
 b - a +0 animal skin (worn)
 g - a +1 buckler (worn)
Jewellery
 j - a ring of stealth (left hand)
Wands
 e - a wand of flame (30)
 l - a wand of acid (10)
Scrolls
 d - 2 scrolls of immolation
 f - a scroll of teleportation
 h - a scroll of remove curse
 o - a scroll of identify
Potions
 i - a potion of mutation {unknown}
 k - a potion of curing
 m - a potion of flight
 p - a potion of agility
Comestibles
 c - 3 rations


   Skills:
 + Level 3.4 Fighting
 + Level 4.7 Short Blades
 + Level 6.2 Dodging
 + Level 4.4 Stealth
 + Level 1.6 Shields


You had 5 spell levels left.
You didn't know any spells.

Dungeon Overview and Level Annotations

Branches:
Dungeon (5/15)
 Temple: D:4-7

Altars:
Ashenzari
Cheibriados
Dithmenos
Trog
Yredelemnul

Annotations:
D:3 yann's ghost, amateur HuWn
D:5 Ijyb


Innate Abilities, Weirdness & Mutations

You are very small and have problems with some larger weapons.
You are too small for most types of armour.
You have supernaturally acute eyesight. (SInv)
You are a herbivore.
You cover ground extremely quickly.
You need consume almost no food.


Message History

The orc wizard hits you with a dagger.
Ijyb zaps a wand.
The bolt of acid hits the orc.
The orc is splashed with acid.
The acid corrodes the orc!
The orc dies!
The bolt of acid hits you!
You are splashed with acid!
The acid burns!
* * * LOW HITPOINT WARNING * * *
It is a wand of acid (6).
The orc completely misses you.
You puncture the orc wizard!
The orc wizard is almost dead.
The orc wizard casts a spell.
The orc wizard flickers and vanishes for a moment.
You block the iguana's attack. You block the orc's attack.
Unknown command.
You closely miss the orc wizard.
The orc wizard is almost dead.
Ijyb zaps a wand.
The bolt of acid hits the orc.
The orc is splashed with acid.
The acid corrodes the orc!
The orc dies!
The bolt of acid hits you!
You die...

*,,,8,,.Z.#..##Z#,,**,,,,,,,,,*
**,,,,,##...o...,,,**,*,,,,,*,***
**,,,##.......,,,,,,,,,,*,,,,,,,
**#Z##...#...,,**,***,,*,,*,,,*,
*,#.##...#.o#####,* **,,,,≈≈≈≈≈,
*,#.##..........#** *,,*≈≈≈≈≈≈≈
*,#.....##....SZ# *,,≈≈≈≈≈≈≈≈
##.#.##..##...glo# *,,,≈≈≈∩≈≈≈
...#.....##..?Z.@# **,,≈≈≈≈≈≈≈
####...........### *,*≈≈≈≈≈≈≈
#........###...# *,,,≈≈≈≈≈,
#.##....## #...# **,,*,,,*,
#.##.#### #...# **,,,,,,, ..##.#
#...# ****,*** ####.# #...#
********,*
#.#*****#####******,,,,,,,,*
#..,,,,,,,,,,,,,,,+,,,,*****


You could see Ijyb, an iguana, 2 orc wizards, an adder, a jackal zombie and a
leopard gecko skeleton.

Vanquished Creatures
  A howler monkey (D:4)
  A hound (D:4)
  An orc priest (D:3)
  2 orc wizards (D:3)
  Jessica (D:2)
  A worker ant (D:4)
  5 adders
  An ooze (D:1)
  2 adder skeletons
  2 dart slugs
  3 worms
  A leopard gecko (D:3)
  10 orcs
  5 ball pythons
  13 bats
  7 giant cockroaches
  5 goblins
  5 hobgoblins
  4 jackals (D:2)
  11 kobolds
  A quokka (D:2)
  2 frilled lizards (D:2)
  A quokka skeleton (D:4)
  5 rats
90 creatures vanquished.

Vanquished Creatures (others)
  2 orcs (D:5)
2 creatures vanquished.

Grand Total: 92 creatures vanquished

Notes
Turn   | Place    | Note
-------+----------+-------------------------------------------
     0 | D:1      | Jannitor the Spriggan Berserker began the quest for the Orb.
     0 | D:1      | Reached XP level 1. HP: 11/11 MP: 2/2
   431 | D:1      | Reached skill level 1 in Stealth
   441 | D:1      | Reached XP level 2. HP: 15/16 MP: 3/3
   909 | D:1      | Found a shattered altar of Ashenzari.
  1053 | D:1      | Reached XP level 3. HP: 19/19 MP: 4/4
  1248 | D:1      | Reached ** piety under Trog
  1275 | D:1      | Reached skill level 5 in Dodging
  1801 | D:2      | Reached XP level 4. HP: 14/23 MP: 5/5
  2295 | D:2      | Found a bloodstained altar of Trog.
  2409 | D:2      | Noticed Jessica
  2426 | D:2      | Killed Jessica
  2428 | D:2      | Reached *** piety under Trog
  2625 | D:2      | Reached skill level 1 in Shields
  2625 | D:2      | Reached XP level 5. HP: 20/28 MP: 6/6
  2973 | D:3      | Found a shadowy altar of Dithmenos.
  3002 | D:3      | Noticed yann's ghost (amateur HuWn)
  3063 | D:3      | Found a basalt altar of Yredelemnul.
  3130 | D:3      | Found a snail-covered altar of Cheibriados.
  3481 | D:4      | Reached skill level 6 in Dodging
  3481 | D:4      | Reached XP level 6. HP: 32/32 MP: 7/7
  4266 | D:5      | Entered Level 5 of the Dungeon
  4310 | D:5      | Noticed Ijyb
  4332 | D:5      | Killed from afar by Ijyb

Skill      XL: |  1  2  3  4  5 |
---------------+----------------+-----
Stealth        | 1 2 3 4 |  4.4
Dodging        | 5 6 |  6.2
Short Blades   | 4 |  4.7
Fighting       | 3 |  3.4
Shields        | 1 |  1.6

Action                   |  1- 3 |  4- 6 || total
-------------------------+-------+-------++-------
Melee: Short sword       |   181 |   221 ||   402
Invok: Berserk           |     1 |     4 ||     5
       Trog's Hand       |       |     2 ||     2
  Use: Scroll            |       |    11 ||    11
 Stab: Sleeping          |     4 |     5 ||     9
  Eat: Ration            |       |     3 ||     3
Armor: Animal skin       |    16 |    13 ||    29
Dodge: Dodged            |   204 |   161 ||   365
Block: Buckler           |    28 |    61 ||    89
